 Dungeon Crawl Stone Soup version 0.19.5 (webtiles) character file.

1828 sankara the Twirler (level 8, -5/64 HPs)
             Began as a Demonspawn Gladiator on Mar 27, 2017.
             Was an Initiate of Ashenzari.
             Slain by execc's ghost (18 damage)
             ... on level 7 of the Dungeon.
             The game lasted 00:21:15 (6961 turns).

sankara the Twirler (Demonspawn Gladiator)          Turns: 6961, Time: 00:21:16

Health: -5/64      AC:  5    Str: 15    XL:     8   Next: 86%
Magic:  8/8        EV: 24    Int:  9    God:    Ashenzari [......]
Gold:   364        SH:  0    Dex: 22    Spells: 1 memorised, 6 levels left

rFire  + . .     SeeInvis .     a - +3 lajatang (curse)
rCold  + . .     Gourm    .     w - +1 robe {rC+ rF+}
rNeg   . . .     Faith    +     (shield currently unavailable)
rPois  +         Spirit   .     c - +0 helmet
rElec  .         Reflect  .     (no cloak)
rCorr  .         Harm     .     (no gloves)
MR     +....                    k - +0 pair of boots
Stlth  +++.......               A - amulet of faith (curse)
                                (no ring)
                                r - ring of protection from magic

@: agile
A: claws 1, repulsion field 2, blurry vision 1, poison resistance, screaming 1,
spiny 2
a: Curse Item, Renounce Religion


You were on level 7 of the Dungeon.
You worshipped Ashenzari.
Ashenzari was noncommittal.
You were not hungry.

You visited 2 branches of the dungeon, and saw 8 of its levels.
You also visited: Ossuary.

You collected 364 gold pieces.

Inventory:

Hand Weapons
 a - a cursed +3 lajatang (weapon)
 u - a +0 quarterstaff
Missiles
 d - 4 throwing nets (quivered)
Armour
 c - a +0 helmet (worn)
 k - a +0 pair of boots (worn)
 q - a +0 leather armour
 w - a +1 robe of resistance (worn)
 x - a +2 robe of fire resistance
Magical Staves
 b - an uncursed staff of conjuration
Jewellery
 o - an uncursed ring of fire
 p - an uncursed amulet of rage
 r - a ring of protection from magic (left claw)
 A - a cursed amulet of faith (around neck)
Wands
 y - a wand of digging (11/24)
 C - a wand of lightning (9/15)
 I - a wand of random effects (14/48)
Scrolls
 e - 4 scrolls of teleportation
 g - 3 scrolls of recharging
 i - 3 scrolls of identify
 s - a scroll of fog
Potions
 l - 3 potions of curing
 E - 2 potions of degeneration {unknown}
 F - a potion of magic {unknown}
 G - a potion of ambrosia
 H - a potion of lignification {unknown}
Books
 j - a book of Conjurations

   Spells                             Type                      Level
   a - Magic Dart                     Conjuration                  1
   b - Searing Ray                    Conjuration                  2
   c - Dazzling Spray                 Conjuration/Hexes            3
   d - Fulminant Prism                Conjuration/Hexes            4
   e - Iskenderun's Mystic Blast      Conjuration                  4
   f - Iskenderun's Battlesphere      Conjuration/Charms           5
Comestibles
 f - 4 bread rations
 h - 3 fruits
 m - 2 meat rations
 z - a beef jerky


   Skills:
 + Level 6.3 Fighting
 * Level 7.5 Staves
 - Level 1.7 Throwing
 + Level 5.3 Dodging
 - Level 3.0 Conjurations


You had 6 spell levels left.
You knew the following spells:

 Your Spells              Type           Power        Failure   Level  Hunger
a - Magic Dart            Conj           #...         12%         1    ##.....


Dungeon Overview and Level Annotations

Branches:
Dungeon (7/15)             Temple (1/1) D:5

Altars:
Ashenzari
Cheibriados
Dithmenos
Elyvilon
Fedhas
Gozag
Hepliaklqana
Kikubaaqudgha
Makhleb
Nemelex Xobeh
Okawaru
Qazlal
Ru
Sif Muna
Trog
Uskayaw
Vehumet
Xom
Yredelemnul
Zin
The Shining One

Annotations:
D:7 execc's ghost, novice VSFi


Innate Abilities, Weirdness & Mutations

You have sharp fingernails.
You are surrounded by a moderate repulsion field. (EV +3)
You are mostly covered in sharp spines.
Scrolls take you a little longer to read.
Your system is resistant to poisons. (rPois)
You occasionally shout uncontrollably at your foes.


Message History

You kill the orc!
Execc's ghost is struck by your spines. Execc's ghost hits you!
* * * LOW HITPOINT WARNING * * *
You are too injured to fight recklessly!
You are too injured to fight recklessly!
You hit execc's ghost.
Execc's ghost is severely damaged.
Execc's ghost shouts, "You will never get the ORB!"
Execc's ghost completely misses you.
You hit execc's ghost.
Execc's ghost is severely damaged.
Execc's ghost is struck by your spines. Execc's ghost closely misses you.
You hit execc's ghost.
Execc's ghost is almost destroyed.
Execc's ghost is struck by your spines. Execc's ghost completely misses you.
You hit execc's ghost but do no damage.
Execc's ghost is almost destroyed.
Execc's ghost holds its blade at the ready.
Execc's ghost hits you!!
You die...

...#######...................##)#
<#...........###############.##.#
.###########.# #.##.# .# #.#####
#.#... .# #....(# #..... .#
#.....# ###... .# #####.# ##.# .#
#W# #.# .# #@# ##.# #)# #... #.#
##.# #.# #)[....# #.##...# #..
.... ... ... #... ..


You could see execc's ghost.

Vanquished Creatures
  An ice beast (D:6)
  2 orc warriors
  A necrophage (D:7)
  A centaur (D:6)
  2 ogres
  Blork the orc (D:4)
  2 bullfrogs (D:6)
  A water moccasin zombie (Ossuary)
  A scorpion (D:5)
  3 killer bees (D:7)
  A howler monkey (D:5)
  A crimson imp (D:4)
  A bullfrog zombie (D:6)
  5 hounds
  An orc priest (D:7)
  2 orc wizards (D:6)
  An iguana (D:5)
  2 worker ants
  3 big kobold zombies (Ossuary)
  A hound skeleton (D:4)
  2 mummies (Ossuary)
  A howler monkey zombie (D:6)
  4 gnolls (D:6)
  7 adders
  An adder skeleton (D:6)
  7 adder zombies
  2 worms (D:2)
  5 dart slugs
  6 leopard geckos
  12 orcs
  4 bats
  3 giant cockroaches
  3 gnoll zombies (Ossuary)
  4 goblins
  4 hobgoblins
  13 jackals
  2 quokkas (D:4)
  6 frilled lizards
  3 goblin skeletons (D:4)
  2 goblin zombies
  3 hobgoblin zombies
  A kobold skeleton (D:4)
  9 kobold zombies
  An orc skeleton (D:4)
  9 orc zombies
  9 rats
  A rat zombie (D:6)
157 creatures vanquished.

Notes
Turn   | Place    | Note
-------+----------+-------------------------------------------
     0 | D:1      | sankara the Demonspawn Gladiator began the quest for the Orb.
     0 | D:1      | Reached XP level 1. HP: 16/16 MP: 1/1
    46 | D:1      | Reached skill level 3 in Staves
   379 | D:1      | Gained mutation: You are partially covered in sharp spines. [demonic ancestry]
   379 | D:1      | Reached XP level 2. HP: 22/22 MP: 2/2
   885 | D:1      | Gained mutation: You are surrounded by a mild repulsion field. (EV +2) [demonic ancestry]
   885 | D:1      | Reached XP level 3. HP: 28/28 MP: 3/3
  1695 | D:2      | Reached skill level 4 in Staves
  1718 | D:2      | Reached XP level 4. HP: 34/34 MP: 4/4
  2316 | D:3      | Found a faded altar of an unknown god.
  2617 | D:4      | Noticed Blork the orc
  2634 | D:4      | Killed Blork the orc
  2634 | D:4      | Gained mutation: You are surrounded by a moderate repulsion field. (EV +3) [demonic ancestry]
  2634 | D:4      | Reached XP level 5. HP: 30/41 MP: 5/5
  2678 | D:4      | Learned a level 1 spell: Magic Dart
  2717 | D:4      | Reached skill level 5 in Staves
  3009 | D:4      | Gained mutation: You are mostly covered in sharp spines. [demonic ancestry]
  3009 | D:4      | Reached XP level 6. HP: 48/48 MP: 6/6
  3112 | D:4      | Reached skill level 1 in Conjurations
  3127 | D:4      | Found a glowing golden altar of the Shining One.
  3357 | D:5      | Entered Level 5 of the Dungeon
  3828 | D:5      | Found a staircase to the Ecumenical Temple.
  3948 | Temple   | Entered the Ecumenical Temple
  4025 | Temple   | Became a worshipper of Vehumet
  4241 | D:6      | Gained mutation: You have sharp fingernails. [demonic ancestry]
  4241 | D:6      | Reached XP level 7. HP: 50/55 MP: 2/7
  4259 | D:6      | Gained mutation: Your system is resistant to poisons. (rPois) [potion of mutation]
  4259 | D:6      | Gained mutation: You occasionally shout uncontrollably at your foes. [potion of mutation]
  4259 | D:6      | Gained mutation: Scrolls take you a little longer to read. [potion of mutation]
  4769 | D:6      | Reached skill level 5 in Fighting
  4850 | D:6      | Found a sand-covered staircase.
  4857 | Ossuary  | Entered an ossuary
  4920 | Ossuary  | Reached * piety under Vehumet
  4920 | Ossuary  | Offered knowledge of Sting by Vehumet.
  5032 | D:6      | Reached skill level 6 in Staves
  5032 | D:6      | Reached XP level 8. HP: 50/62 MP: 8/8
  5128 | D:6      | Offered knowledge of Sandblast by Vehumet.
  5329 | D:6      | Found a hazy altar of Hepliaklqana.
  5668 | Temple   | Fell from the grace of Vehumet
  5668 | Temple   | Became a worshipper of Ashenzari the Shackled
  6050 | D:7      | Reached skill level 7 in Staves
  6053 | D:7      | Reached skill level 5 in Dodging
  6275 | D:7      | Noticed execc's ghost (novice VSFi)
  6961 | D:7      | Slain by execc's ghost

Skill      XL: |  1  2  3  4  5  6  7  8 |
---------------+-------------------------+-----
Staves         | 3 4 5 6 7 |  7.5
Fighting       | 3 4 5 6 |  6.3
Conjurations   | 2 3 |  3.0
Dodging        | 3 4 5 |  5.3
Throwing       | |  1.7

Action                   |  1- 3 |  4- 6 |  7- 9 || total
-------------------------+-------+-------+-------++-------
Melee: Quarterstaff      |    93 |   109 |    21 ||   223
       Staff             |       |     1 |       ||     1
       Lajatang          |       |       |   143 ||   143
 Cast: Magic Dart        |       |    13 |     2 ||    15
Invok: Curse Item        |       |       |     2 ||     2
  Use: Potion            |       |     1 |     4 ||     5
       Scroll            |       |       |     9 ||     9
 Stab: Sleeping          |     1 |       |     1 ||     2
  Eat: Chunk             |     3 |     8 |     9 ||    20
Armor: Leather armour    |    31 |     7 |       ||    38
       Robe              |       |     2 |    28 ||    30
Dodge: Dodged            |    89 |    92 |   141 ||   322
